 Dungeon Crawl Stone Soup version 0.32-a0-798-gfa783ce77f (webtiles) character file.

Game seed: 690288450518893790

267348 fexil the Fetichist (level 20, -17/159 HPs)
             Began as a Gnoll Air Elementalist on Mar 18, 2024.
             Was the Champion of Vehumet.
             Demolished by an iron golem (34 damage)
             ... on level 1 of the Depths on Mar 21, 2024.
             The game lasted 06:39:18 (57411 turns).

fexil the Fetichist (Gnoll Air Elementalist)       Turns: 57411, Time: 06:39:21

Health: -17/159    AC: 24    Str: 13    XL:     20   Next: 12%
Magic:  33/38      EV: 18    Int: 36    God:    Vehumet [******]
Gold:   1042       SH:  8    Dex: 15    Spells: 6/48 levels left

rFire   x . .        K - +8 demon trident (protect)
rCold   . . .        l - +1 buckler {rN+}
rNeg    + . .        L - +4 steam dragon scales
rPois   +            O - +1 helmet {SInv}
rElec   +            d - +2 cloak {rCorr}
rCorr   +            w - +1 pair of gloves {infuse}
SInv    +            Y - +2 pair of boots "Iruipeho" {rElec Str+2 Int+3}
Will    +....        I - amulet of magic regeneration
Stlth   +++          e - ring "Juxtefawn" {rElec rF- Int+6 Dex+2}
HPRegen 0.46/turn    s - ring of Ylinech {rPois Str+3 Int+4}
MPRegen 0.66/turn

%: infuse magic (1 MP)
@: on fire, glowing, studying 2 skills
A: fangs 1, strong nose, distributed training
}: 2/15 runes: barnacled, gossamer
a: Renounce Religion


You were on level 1 of the Depths.
You worshipped Vehumet.
Vehumet was exalted by your worship.
You visited 8 branches of the dungeon, and saw 34 of its levels.
You also visited: Trove.

You collected 3665 gold pieces.
You spent 2623 gold pieces at shops.

Inventory:

Hand Weapons
 z - the +1 whip of Extermination {venom, Will- rCorr Str+2 Dex+2}
   (You found it on level 10 of the Dungeon)

   Str+2:     It affects your strength (+2).
   Dex+2:     It affects your dexterity (+2).
   Will-:     It decreases your willpower.
   rCorr:     It protects you from acid and corrosion.
 K - a +8 demon trident of protection (weapon)
Armour
 b - the +1 pair of gloves of Tomorrow {Rampage rElec}
   (You bought it in a shop on level 2 of the Orcish Mines)

   rElec:     It insulates you from electricity.
   Rampage:   It bestows one free step when moving towards enemies.
 d - a +2 cloak of preservation (worn)
 f - the +5 chain mail of Gurghame {Rampage Will+}
   (You found it on level 4 of the Spider Nest)

   Will+:     It increases your willpower.
   Rampage:   It bestows one free step when moving towards enemies.
 l - a +1 buckler of positive energy (worn)
 w - a +1 pair of gloves of infusion (worn)
 E - an orb of mayhem
 L - +4 steam dragon scales (worn)
 N - an orb of wrath
 O - a +1 helmet of see invisible (worn)
 Y - the +2 pair of boots "Iruipeho" (worn) {rElec Str+2 Int+3}
   (You acquired it on level 5 of the Lair of Beasts)

   Str+2:     It affects your strength (+2).
   Int+3:     It affects your intelligence (+3).
   rElec:     It insulates you from electricity.
Magical Staves
 a - the staff of Rudeo {Str+5 Earth}
   (You found it on level 2 of the Depths)

   [staff of earth]

   Base accuracy: +5 Base damage: 5 Base attack delay: 1.2 This weapon's minimum
   attack delay (0.6) is reached at skill level 12.
   Str+5:     It affects your strength (+5).
   Earth:     It increases the power of your Earth spells.
   It falls into the 'Staves' category.
   It is a one-handed weapon.
Jewellery
 e - the ring "Juxtefawn" (left hand) {rElec rF- Int+6 Dex+2}
   (You found it in a treasure trove)

   [ring of intelligence]

   Int+6:     It affects your intelligence (+6).
   Dex+2:     It affects your dexterity (+2).
   rF-:       It makes you vulnerable to fire.
   rElec:     It insulates you from electricity.
 g - a ring of protection from fire
 h - a ring of the Octopus King {rN+ HP+2 AC+2 EV+2 SH+2}
   (You found it in a treasure trove)

   [ring of positive energy]

   AC+2:      It affects your AC (+2).
   EV+2:      It affects your evasion (+2).
   rN+:       It protects you from negative energy.
   HP+2:      It affects your health (+2).
   SH+2:      It affects your SH (+2).
 n - the ring of Bennefoz {Ice +Blink rN+ Will+}
   (You took it off a merfolk on level 4 of the Shoals)

   [ring of ice]

   Ice:       It enhances your ice magic.
   rF-:       It makes you vulnerable to fire.
   rC+:       It protects you from cold.
   rN+:       It protects you from negative energy.
   Will+:     It increases your willpower.
   +Blink:    It lets you blink.
 s - the ring of Ylinech (right hand) {rPois Str+3 Int+4}
   (You found it in a treasure trove)

   [ring of poison resistance]

   Str+3:     It affects your strength (+3).
   Int+4:     It affects your intelligence (+4).
   rPois:     It protects you from poison.
 x - the ring "Yblaidgh" {^Drain rElec rN+ Str+4 Stlth+}
   (You found it on level 14 of the Dungeon)

   [ring of positive energy]

   Str+4:     It affects your strength (+4).
   rElec:     It insulates you from electricity.
   rN+:       It protects you from negative energy.
   ^Drain:    It drains your maximum health when unequipped.
   Stlth+:    It makes you more stealthy.
 H - the ring of Lef Wadena {rPois rF++ rC+}
   (You found it in a treasure trove)

   [ring of protection from cold]

   rF++:      It greatly protects you from fire.
   rC+:       It protects you from cold.
   rPois:     It protects you from poison.
 I - an amulet of magic regeneration (around neck)
 Q - the ring "Hoarenuqi" {rElec Will- rCorr Dex+6}
   (You found it on level 10 of the Dungeon)

   [ring of dexterity]

   Dex+6:     It affects your dexterity (+6).
   rElec:     It insulates you from electricity.
   Will-:     It decreases your willpower.
   rCorr:     It protects you from acid and corrosion.
 R - the ring of Dojuagel {rC- Str+6 Int+5}
   (You found it on level 10 of the Dungeon)

   [ring of strength]

   Str+6:     It affects your strength (+6).
   Int+5:     It affects your intelligence (+5).
   rC-:       It makes you vulnerable to cold.
 S - the ring "Irre Loc" {rF+ Dex+3 SInv}
   (You found it on level 10 of the Dungeon)

   [ring of see invisible]

   Dex+3:     It affects your dexterity (+3).
   rF+:       It protects you from fire.
   SInv:      It lets you see invisible.
 U - the ring "Rireff" {*Slow rN+ rCorr Stlth+}
   (You found it on level 14 of the Dungeon)

   [ring of positive energy]

   rN+:       It protects you from negative energy.
   rCorr:     It protects you from acid and corrosion.
   *Slow:     It may slow you when you take damage.
   Stlth+:    It makes you more stealthy.
 Z - the ring of Vunomaem {*Slow rF+ rN+ Int+6 Dex+4}
   (You found it on level 14 of the Dungeon)

   [ring of intelligence]

   Int+6:     It affects your intelligence (+6).
   Dex+4:     It affects your dexterity (+4).
   rF+:       It protects you from fire.
   rN+:       It protects you from negative energy.
   *Slow:     It may slow you when you take damage.
Talismans
 o - a dragon-blood talisman
Wands
 r - a wand of polymorph (5)
 v - a wand of charming (7)
 y - a wand of quicksilver (26)
 C - a wand of roots (7)
 W - a wand of mindburst (12)
Scrolls
 m - 9 scrolls of teleportation
 u - 2 scrolls of silence
 F - 2 scrolls of fog
 X - a scroll of noise
Potions
 c - a potion of resistance
 j - 5 potions of ambrosia
 k - 3 potions of cancellation
 p - a potion of mutation
 q - 4 potions of invisibility
 t - 4 potions of haste
 A - a potion of lignification
 B - 4 potions of might
 D - a potion of berserk rage
 M - 3 potions of curing
 V - 3 potions of brilliance
Miscellaneous
 i - a lightning rod (4/4)
 P - a tin of tremorstones (2/2)
 T - a phial of floods


   Skills:
 + Level 14.0 Fighting
 + Level 14.0 Short Blades
 + Level 14.0 Long Blades
 + Level 14.0 Axes
 + Level 14.0 Maces & Flails
 + Level 14.0 Polearms
 + Level 14.0 Staves
 + Level 14.0 Ranged Weapons
 + Level 14.0 Throwing
 + Level 14.0 Armour
 + Level 14.6 Dodging
 + Level 14.5 Stealth
 + Level 14.0 Shields
 + Level 14.0 Unarmed Combat
 + Level 14.8 Spellcasting
 + Level 12.1 Conjurations
 + Level 11.9 Hexes
 + Level 11.9 Summonings
 + Level 11.9 Necromancy
 + Level 11.9 Translocations
 + Level 15.5 Fire Magic
 + Level 11.9 Ice Magic
 + Level 13.0 Air Magic
 + Level 11.9 Earth Magic
 + Level 11.9 Alchemy
 + Level 15.1 Invocations
 + Level 16.7 Evocations
 + Level 12.9 Shapeshifting


You had 6 spell levels left.
You knew the following spells:

 Your Spells              Type           Power      Damage    Failure   Level
a - Shock                 Conj/Air       100%       1d9       0%          1
b - Spellforged Servitor  Conj/Summ      42%        N/A       2%          7
c - Airstrike             Air            44%        2d(7-23)  1%          4
d - Apportation           Tloc           100%       N/A       0%          1
e - Iskenderun's Battles  Conj           85%        2d13      1%          5
f - Call Imp              Summ           100%       N/A       1%          2
g - Fireball              Conj/Fire      45%        3d18      1%          5
h - Iskenderun's Mystic   Conj/Tloc      85%        2d17      1%          4
i - Freezing Cloud        Conj/Ice/Air   43%        6-21      1%          5
j - Maxwell's Capacitive  Air            44%        ∞         13%         8

Your spell library contained the following spells:

 Spells                   Type           Power      Damage    Failure   Level
 Ignition                 Fire           47%        3d13      5%          8
 Fire Storm               Conj/Fire      45%        8d11      78%         9
 Chain Lightning          Conj/Air       43%        3d58      90%         9
 Magic Dart               Conj           100%       1d8       0%          1
 Slow                     Hex            100%       N/A       0%          1
 Searing Ray              Conj           100%       2d8       0%          2
 Static Discharge         Conj/Air       100%       3-8/arc   0%          2
 Blink                    Tloc           100%       N/A       1%          2
 Jinxbite                 Hex            100%       N/A       1%          2
 Lesser Beckoning         Tloc           100%       N/A       1%          2
 Sublimation of Blood     Necr           84%        N/A       1%          2
 Dazzling Flash           Conj/Hex       100%       N/A       1%          3
 Frozen Ramparts          Ice            100%       1d16      1%          3
 Gell's Gravitas          Tloc           84%        N/A       1%          3
 Ozocubu's Armour         Ice            84%        N/A       1%          3
 Summon Ice Beast         Ice/Summ       84%        N/A       1%          3
 Swiftness                Air            88%        N/A       1%          3
 Teleport Other           Tloc           84%        N/A       1%          3
 Tukima's Dance           Hex            84%        N/A       1%          3
 Brom's Barrelling Bould  Conj/Erth      85%        2d10      1%          4
 Cause Fear               Hex            42%        N/A       1%          4
 Dimensional Bullseye     Hex/Tloc       42%        N/A       1%          4
 Fulminant Prism          Conj/Alch      42%        3d19      1%          4
 Passage of Golubria      Tloc           84%        N/A       1%          4
 Petrify                  Alch/Erth      84%        N/A       1%          4
 Vhi's Electric Charge    Tloc/Air       100%       N/A       1%          4
 Alistair's Intoxication  Alch           56%        N/A       1%          5
 Arcjolt                  Conj/Air       43%        1d53      1%          5
 Borgnjor's Vile Clutch   Necr/Erth      42%        N/A       1%          5
 Irradiate                Conj/Alch      42%        3d25      1%          5
 Metabolic Englaciation   Hex/Ice        42%        N/A       1%          5
 Silence                  Hex/Air        43%        N/A       1%          5
 Summon Mana Viper        Hex/Summ       84%        N/A       1%          5
 Conjure Ball Lightning   Conj/Air       43%        3x3d15    1%          6
 Eringya's Noxious Bog    Alch           42%        4d6       1%          6
 Plasma Beam              Fire/Air       46%        2x1d60    1%          6
 Sculpt Simulacrum        Ice/Alch       42%        N/A       1%          6
 Starburst                Conj/Fire      45%        6d13      1%          6
 Orb of Destruction       Conj           42%        9d12      2%          7
 Ozocubu's Refrigeration  Ice            42%        4d16      3%          7
 Enfeeble                 Hex            42%        N/A       11%         7
 Monstrous Menagerie      Summ           42%        N/A       11%         7
 Lehudib's Crystal Spear  Conj/Erth      42%        10d10     21%         8
 Polar Vortex             Ice            42%        12d5*     95%         9
 Dragon's Call            Summ           42%        N/A       100%        9


Dungeon Overview and Level Annotations

Branches:
Dungeon (15/15)            Temple (1/1) D:7            Lair (5/5) D:9
 Shoals (4/4) Lair:2       Spider (4/4) Lair:3        Slime (0/5) Lair:4
    Orc (2/2) D:10            Elf (0/3) Orc:2        Vaults (0/5) D:14
 Depths (2/4) D:15           Hell (visited)
    Dis: Hell:1         Geh: Hell:1         Coc: Hell:1         Tar: Hell:1

Altars:
Ashenzari
Cheibriados
Dithmenos
Elyvilon
Fedhas
Gozag
Hepliaklqana
Kikubaaqudgha
Makhleb
Nemelex Xobeh
Okawaru
Qazlal
Ru
Sif Muna
Trog
Uskayaw
Vehumet
Wu Jian
Xom
Yredelemnul
Zin
The Shining One
Beogh
Jiyva
Lugonu

Shops:
D:2 (   D:4 *(   D:15 **   Orc:1 :   Orc:2 ([*:   Shoals:1 *   Shoals:2 [=[*=
Depths:1 (

Portals:
Hell: Depths:1
Abyss: Depths:2
Pandemonium: Depths:2

Annotations:
Orc:1 3 runed translucent doors, Kojinoc's ghost, adept OpWn; Vas Wept's ghost, journeyman OnCj
Hell Geryon


Innate Abilities, Weirdness & Mutations

You have very sharp teeth.
Your uncanny sense of smell can sniff out nearby items.
Your experience applies equally to all skills.


Message History

The frost giant is lightly wounded.
The frost giant is knocked back by the mystic blast.
The mystic blast hits Geryon!
Geryon is lightly wounded.
Geryon is knocked back by the mystic blast.
The mystic blast hits the balrug!
The balrug is moderately wounded.
The balrug is knocked back by the mystic blast.
The mystic blast hits the reaper!!
The reaper is moderately wounded.
The reaper is knocked back by the mystic blast.
The mystic blast hits the crystal echidna!
The crystal echidna is lightly damaged.
The crystal echidna is knocked back by the mystic blast.
The mystic blast hits the iron golem but does no damage.
The balrug gestures at you. The pyre arrow hits you.
You are covered in intense liquid fire!
The iron golem hits you! The iron golem misses you.
Unknown command.
The liquid fire burns you!
The reaper says, "Everyone has to die sometime, and your time is now."
The iron golem hits you!! The iron golem closely misses you.
You shake off some of the fire as you move.
Thank you for visiting Hell.
Please come again soon.
You go up through the gate.
Welcome back to the Depths!
The liquid fire burns you!
* * * LOW HITPOINT WARNING * * *
There is a gateway to Hell here.
Press: ? - help, v - describe, . - travel The floor.
Unknown command.
Casting: Iskenderun's Mystic Blast (safe; 1% risk of failure)
Confirm with . or Enter, or press ? or * to list all spells.
You erupt in a blast of force!
The mystic blast hits the iron golem but does no damage.
The liquid fire burns you!
* * * LOW HITPOINT WARNING * * *
The iron golem hits you!!
You die...

...........#.####...........?..#.
...........#.# ###............##
...........#'############..⌠..###
########'#+#.......####......##..
########.#.........#........##...
.........+.........+...⌠[..##....
.........#.........#......###....
######.###.......9.......## #....
#.# #......@(.#...### #.... #[#
#.......^.##### #.... #.#
#.........# #.... #.# #####'#####
#.... #.# #.# #...)
######.#######.### #....
#................# #....
#.####.#######.#.# #.... #.# #.#
#.#.# #....


You could see an iron golem.

Vanquished Creatures
  Mara (Shoals:4)
  2 tentacled monstrosities (Depths:2)
  Jorgrun (D:14)
  A lich (Depths:1)
  A walking divine tome (Depths:2)
  A sphinx (Depths:2)
  Polyphemus (Shoals:3)
  A fire giant (Depths:2)
  5 ghost moths
  2 frost giants
  2 emperor scorpions (Spider:4)
  Louise (Shoals:2)
  An orc warlord (Orc:2)
  2 broodmothers
  6 stone giants
  2 vampire knights (Depths:2)
  A lorocyproca (Depths:1)
  5 spark wasps
  A war gargoyle (D:14)
  An ettin (Orc:2)
  A merfolk impaler (Shoals:2)
  3 merfolk javelineers (Shoals:4)
  5 fire dragons
  2 entropy weavers (Spider:4)
  3 rakshasas
  2 ice dragons
  3 hydras
  2 catoblepae
  An ogre mage (D:11)
  3 centaur warriors
  2 merfolk aquamancers (Shoals:4)
  2 jorogumos
  8 radroaches
  An alligator snapping turtle (Shoals:4)
  16 boulder beetles
  A satyr (Shoals:3)
  13 two-headed ogres
  A vampire mage (Depths:2)
  A deep troll earth mage (D:15)
  2 tengu warriors (Depths:2)
  A deep troll shaman (Depths:1)
  A hell hog (Lair:5)
  Urug (D:11)
  3 demonic crawlers
  4 orc high priests (Orc:2)
  3 death yaks
  3 spriggan berserkers (Depths:1)
  An occultist (Depths:2)
  11 sun demons
  Nergalle (Orc:1)
  6 hell knights (Depths:2)
  3 soul eaters
  5 iron trolls
  2 skeletal warriors (D:14)
  3 skysharks
  4 glowing orange brains
  4 sea snakes
  8 orb spiders
  A shadow demon (Depths:2)
  8 pharaoh ants
  7 deep trolls (Depths:1)
  4 sun moths
  A flayed ghost (Depths:2)
  A swamp dragon (Lair:5)
  5 steelbarb worms
  8 harpies
  A lindwurm (Lair:2)
  5 orc knights
  A necromancer (Depths:2)
  A deep elf pyromancer (D:13)
  Maurice (D:8)
  14 fauns
  7 ugly things
  5 oklob plants (Lair:4)
  25 wolf spiders
  5 cyclopes
  10 manticores
  8 merfolk sirens
  4 orc sorcerers (Orc:2)
  13 elephants
  3 meliai (Spider:3)
  5 moths of wrath
  3 black mambas (Lair:5)
  3 kobold blastminers
  8 torpor snails
  9 cane toads
  Maggie (D:9)
  3 nameless horrors
  2 efreet (D:15)
  3 rime drakes (Lair:5)
  An ice devil (Depths:1)
  A yaktaur (D:15)
  3 kobold demonologists (D:13)
  A freezing wraith (Hell)
  15 merfolk
  A tengu conjurer (Depths:2)
  16 komodo dragons
  4 tyrant leeches
  6 trolls
  15 polar bears
  5 hornets (Spider:4)
  A wolf spider simulacrum (D:13)
  Grinder (D:4)
  31 tarantellas
  5 wind drakes
  10 dream sheep
  4 raiju (Lair:5)
  16 blink frogs
  4 slime creatures
  3 centaur simulacra (D:13)
  27 jumping spiders
  3 shadows
  A spriggan (Depths:1)
  2 water elementals
  4 wyverns
  23 culicivoras
  39 yaks
  4 wraiths
  7 wargs
  Grum (D:8)
  Eustachio (D:4)
  4 basilisks
  45 redbacks
  4 vampire mosquitoes (D:9)
  5 steam dragons
  3 acid dragons
  13 hell hounds (Lair:5)
  8 water moccasins
  35 orc warriors
  An ice beast (D:6)
  A sky beast (D:6)
  A swamp drake (Lair:5)
  16 black bears
  29 wolves
  3 centaurs
  9 ogres
  2 phantoms (D:5)
  Blork the orc (D:4)
  5 kobold brigands
  7 bullfrogs
  2 gnoll sergeants
  18 wights
  4 killer bees
  3 electric eels
  A howler monkey (D:9)
  2 hounds
  5 jellies
  6 iguanas
  17 orc priests
  A gnoll bouda (D:5)
  A sleepcap (D:5)
  8 hell rats (Lair:2)
  34 orc wizards
  13 gnolls
  7 adders
  6 river rats (Lair:2)
  2 shadow imps
  4 white imps
  6 ufetubi
  4 dart slugs
  A ribbon worm (D:2)
  94 orcs
  7 ball pythons
  11 endoplasms
  3 giant cockroaches (D:1)
  6 goblins
  7 hobgoblins
  4 jackals
  17 kobolds
  4 quokkas
  8 bats
  3 frilled lizards
  7 rats
1112 creatures vanquished.

Vanquished Creatures (collateral kills)
  A walking earthen tome (Depths:2)
  A sphinx (Depths:2)
  Donald (Shoals:2)
  5 stone giants
  Nessos (D:15)
  An ettin (Depths:1)
  4 merfolk impalers
  A rakshasa (Depths:2)
  2 ice dragons (Depths:2)
  A spriggan air mage (Depths:2)
  2 merfolk aquamancers (Shoals:4)
  2 centaur warriors
  A merfolk avatar (Shoals:4)
  A satyr (Shoals:4)
  2 deep troll earth magi (Depths:1)
  2 tengu warriors
  A death yak (Shoals:3)
  An iron troll (Depths:1)
  A skyshark (Shoals:3)
  A skeletal warrior (D:14)
  4 sea snakes (Shoals:4)
  A flayed ghost (Depths:1)
  A deep troll (Depths:1)
  A glowing orange brain (Depths:1)
  A wolf spider (Spider:2)
  6 ugly things
  9 fauns
  A cyclops (Shoals:4)
  4 manticores
  5 merfolk sirens
  4 water nymphs
  A freezing wraith (D:15)
  A tengu conjurer (D:14)
  10 merfolk
  2 wind drakes
  A glass eye (Depths:2)
  A hornet (Depths:1)
  A snapping turtle (Shoals:4)
  6 slime creatures
  2 water elementals (Shoals:4)
  A nameless horror (D:14)
  An orc priest (D:14)
  A gnoll (D:10)
  2 orcs (D:10)
  2 butterflies (Lair:2)
101 creatures vanquished.

Grand Total: 1213 creatures vanquished

Notes
Turn   | Place    | Note
-------+----------+-------------------------------------------
     0 | D:1      | fexil the Gnoll Air Elementalist began the quest for the
                  | Orb.
     0 | D:1      | Reached XP level 1. HP: 13/13 MP: 6/6
   140 | D:1      | Reached XP level 2. HP: 19/19 MP: 1/7
   637 | D:1      | Reached skill level 5 in Spellcasting
   637 | D:1      | Reached XP level 3. HP: 25/25 MP: 3/9
  1047 | D:1      | Reached skill level 1 in Invocations
  1420 | D:2      | Learned a level 3 spell: Swiftness
  1555 | D:2      | Reached skill level 1 in Fighting
  1555 | D:2      | Reached skill level 1 in Short Blades
  1555 | D:2      | Reached skill level 1 in Long Blades
  1555 | D:2      | Reached skill level 1 in Axes
  1555 | D:2      | Reached skill level 1 in Maces & Flails
  1555 | D:2      | Reached skill level 1 in Polearms
  1555 | D:2      | Reached skill level 1 in Staves
  1555 | D:2      | Reached skill level 1 in Ranged Weapons
  1555 | D:2      | Reached skill level 1 in Throwing
  1555 | D:2      | Reached skill level 1 in Armour
  1555 | D:2      | Reached skill level 1 in Shields
  1555 | D:2      | Reached skill level 1 in Unarmed Combat
  1555 | D:2      | Reached skill level 1 in Evocations
  1629 | D:2      | Reached skill level 1 in Shapeshifting
  1629 | D:2      | Reached XP level 4. HP: 32/32 MP: 2/11
  2235 | D:2      | Found Ecydigo's Weapon Boutique.
  2244 | D:2      | Reached skill level 1 in Hexes
  2244 | D:2      | Reached skill level 1 in Summonings
  2244 | D:2      | Reached skill level 1 in Necromancy
  2244 | D:2      | Reached skill level 1 in Translocations
  2244 | D:2      | Reached skill level 1 in Fire Magic
  2244 | D:2      | Reached skill level 1 in Ice Magic
  2244 | D:2      | Reached skill level 1 in Earth Magic
  2244 | D:2      | Reached skill level 1 in Alchemy
  2958 | D:3      | Found a faded altar of an unknown god.
  3290 | D:4      | Found Ofaduyse's Weapon Shop.
  3299 | D:4      | Noticed Eustachio
  3334 | D:4      | Reached XP level 5. HP: 37/37 MP: 9/12
  3339 | D:4      | Learned a level 4 spell: Airstrike
  3771 | D:4      | Killed Eustachio
  3772 | D:4      | Reached XP level 6. HP: 44/44 MP: 4/14
  3965 | D:4      | Reached skill level 5 in Dodging
  4053 | D:4      | Reached skill level 2 in Evocations
  4180 | D:4      | Noticed Blork the orc
  4182 | D:4      | Killed Blork the orc
  4297 | D:4      | Found Gobudeac's Assorted Antiques.
  4535 | D:4      | Noticed Grinder
  4689 | D:4      | Killed Grinder
  4690 | D:4      | Reached XP level 7. HP: 51/51 MP: 2/15
  4830 | D:4      | Reached skill level 5 in Stealth
  5074 | D:5      | Entered Level 5 of the Dungeon
  5895 | D:5      | Reached skill level 3 in Evocations
  5895 | D:5      | Reached XP level 8. HP: 58/58 MP: 7/16
  6064 | D:5      | Found a broken altar of Ashenzari.
  7022 | D:6      | You fall into a shaft and drop 1 floor!
  7722 | D:6      | Reached XP level 9. HP: 65/65 MP: 18/18
  7730 | D:6      | Reached skill level 4 in Evocations
  8041 | D:7      | Found a staircase to the Ecumenical Temple.
  8051 | Temple   | Entered the Ecumenical Temple
  8103 | Temple   | Became a worshipper of Vehumet
  8550 | D:7      | Reached * piety under Vehumet
  8550 | D:7      | Offered knowledge of Sting by Vehumet.
  9623 | D:8      | Noticed Grum
  9629 | D:8      | Killed Grum
  9642 | D:7      | Reached skill level 5 in Invocations
 10544 | D:8      | Reached skill level 5 in Fighting
 10544 | D:8      | Reached skill level 5 in Short Blades
 10544 | D:8      | Reached skill level 5 in Long Blades
 10544 | D:8      | Reached skill level 5 in Axes
 10544 | D:8      | Reached skill level 5 in Maces & Flails
 10544 | D:8      | Reached skill level 5 in Polearms
 10544 | D:8      | Reached skill level 5 in Staves
 10544 | D:8      | Reached skill level 5 in Ranged Weapons
 10544 | D:8      | Reached skill level 5 in Throwing
 10544 | D:8      | Reached skill level 5 in Armour
 10544 | D:8      | Reached skill level 5 in Shields
 10544 | D:8      | Reached skill level 5 in Unarmed Combat
 10544 | D:8      | Reached skill level 5 in Evocations
 10544 | D:8      | Reached XP level 10. HP: 74/74 MP: 8/20
 10614 | D:8      | Identified the +10 shortbow "Qeenla Meocw" {freeze, rN+
                  | MP+9 Str-5 SInv}
 10614 | D:8      | Noticed Maurice
 10857 | D:8      | Killed Maurice
 11614 | D:8      | Reached skill level 5 in Conjurations
 12384 | D:8      | Reached skill level 5 in Shapeshifting
 12606 | D:9      | Found an opulent altar of Gozag.
 12646 | D:9      | Reached ** piety under Vehumet
 12646 | D:9      | Offered knowledge of Mercury Vapours by Vehumet.
 13075 | D:9      | Noticed Maggie
 13082 | D:9      | Killed Maggie
 13222 | D:9      | Noticed an elephant
 13585 | D:9      | Found a staircase to the Lair.
 13615 | D:9      | Learned a level 1 spell: Apportation
 13636 | D:9      | Learned a level 3 spell: Gell's Gravitas
 13890 | D:9      | Killed an elephant
 13891 | D:9      | Reached skill level 5 in Hexes
 13891 | D:9      | Reached skill level 5 in Summonings
 13891 | D:9      | Reached skill level 5 in Necromancy
 13891 | D:9      | Reached skill level 5 in Translocations
 13891 | D:9      | Reached skill level 5 in Fire Magic
 13891 | D:9      | Reached skill level 5 in Ice Magic
 13891 | D:9      | Reached skill level 5 in Earth Magic
 13891 | D:9      | Reached skill level 5 in Alchemy
 13891 | D:9      | Reached skill level 6 in Evocations
 13898 | D:9      | Reached XP level 11. HP: 70/81 MP: 1/22
 14059 | D:10     | Entered Level 10 of the Dungeon
 14103 | D:10     | Noticed an orc knight
 14393 | D:10     | Noticed a two-headed ogre
 14426 | D:10     | Noticed a two-headed ogre
 14426 | D:10     | Noticed a two-headed ogre
 14636 | D:10     | Noticed a two-headed ogre
 14641 | D:10     | Killed a two-headed ogre
 14654 | D:10     | Killed a two-headed ogre
 14731 | D:10     | Killed a two-headed ogre
 14788 | D:10     | Learned a level 2 spell: Call Imp
 14808 | D:10     | Killed a two-headed ogre
 14990 | D:10     | Identified the +1 whip of Extermination {venom, Will- rCorr
                  | Str+2 Dex+2}
 15198 | D:10     | Offered knowledge of Momentum Strike by Vehumet.
 15306 | D:10     | Noticed a wolf spider
 15307 | D:10     | Noticed a stone giant
 15440 | D:10     | Found an ornate altar of the Wu Jian Council.
 15454 | D:10     | Identified the ring "Hoarenuqi" {rElec Will- rCorr Dex+6}
 15456 | D:10     | Identified the ring of Dojuagel {rC- Str+6 Int+5}
 15459 | D:10     | Identified the ring "Irre Loc" {rF+ Dex+3 SInv}
 15699 | D:10     | Killed a wolf spider
 15914 | D:10     | Reached *** piety under Vehumet
 16253 | D:10     | Learned a level 5 spell: Fireball
 16269 | D:10     | Killed a stone giant
 16270 | D:10     | Reached skill level 7 in Evocations
 16389 | D:10     | Found a staircase to the Orcish Mines.
 16671 | D:10     | Killed an orc knight
 16672 | D:10     | Reached XP level 12. HP: 91/91 MP: 4/24
 16889 | D:11     | Noticed a two-headed ogre
 16895 | D:11     | Killed a two-headed ogre
 16935 | D:11     | Noticed a two-headed ogre
 16937 | D:11     | Noticed an ogre mage
 16939 | D:11     | Noticed a two-headed ogre
 16939 | D:11     | Noticed a two-headed ogre
 16939 | D:11     | Noticed a two-headed ogre
 16950 | D:11     | Noticed a two-headed ogre
 17202 | D:10     | Killed a two-headed ogre
 17261 | D:10     | Killed a two-headed ogre
 17362 | D:11     | Killed a two-headed ogre
 17537 | D:11     | Noticed a boulder beetle
 17580 | D:10     | Killed a boulder beetle
 17619 | D:11     | Offered knowledge of Sticky Flame by Vehumet.
 17631 | D:10     | Killed a two-headed ogre
 17746 | D:11     | Killed a two-headed ogre
 17786 | D:11     | Paralysed by something for 5 turns
 17815 | D:11     | Killed an ogre mage
 18000 | D:11     | Noticed Urug
 18024 | D:11     | Killed Urug
 18229 | D:12     | Noticed a two-headed ogre
 18237 | D:12     | Killed a two-headed ogre
 18264 | D:12     | Reached skill level 8 in Evocations
 18332 | D:12     | Noticed a boulder beetle
 18379 | D:12     | Killed a boulder beetle
 18386 | D:12     | Noticed a two-headed ogre
 18830 | D:12     | Killed a two-headed ogre
 18831 | D:12     | Reached XP level 13. HP: 98/98 MP: 16/26
 18919 | D:12     | Found a portal to a secret trove of treasure.
 19917 | D:13     | Noticed a rakshasa
 20655 | D:13     | Learned a level 4 spell: Iskenderun's Mystic Blast
 20955 | D:12     | Reached **** piety under Vehumet
 21072 | D:13     | Reached skill level 10 in Spellcasting
 21159 | D:13     | Offered knowledge of Volatile Blastmotes by Vehumet.
 21606 | D:13     | Killed a rakshasa
 21746 | Lair:1   | Entered Level 1 of the Lair of Beasts
 22492 | Lair:2   | Reached skill level 10 in Dodging
 22750 | Lair:2   | Gained mutation: You have a pair of small horns on your
                  | head. [potion of mutation]
 22750 | Lair:2   | Gained mutation: You are strong-willed. (Will+) [potion of
                  | mutation]
 23081 | Lair:2   | Reached skill level 9 in Evocations
 23315 | Lair:2   | Reached ***** piety under Vehumet
 23356 | Lair:2   | Offered knowledge of Bombard by Vehumet.
 23357 | Lair:2   | Reached skill level 10 in Stealth
 23848 | Lair:2   | Found a staircase to the Shoals.
 24187 | Lair:2   | Reached XP level 14. HP: 108/108 MP: 25/28
 24267 | Lair:3   | Reached skill level 10 in Invocations
 24297 | Lair:3   | Found a hole to the Spider Nest.
 26257 | Lair:4   | Offered knowledge of Ignite Poison by Vehumet.
 26364 | Lair:4   | Found a viscous altar of Jiyva.
 26364 | Lair:4   | Found a staircase to the Slime Pits.
 26967 | Lair:5   | Entered Level 5 of the Lair of Beasts
 26996 | Lair:5   | Reached skill level 10 in Fire Magic
 27752 | Lair:5   | Reached skill level 10 in Air Magic
 28026 | Lair:5   | Identified the +1 ring mail of the Fiend {rF+ rN++ rCorr
                  | Str-5}
 28100 | Lair:5   | Reached skill level 10 in Fighting
 28100 | Lair:5   | Reached skill level 10 in Short Blades
 28100 | Lair:5   | Reached skill level 10 in Long Blades
 28100 | Lair:5   | Reached skill level 10 in Axes
 28100 | Lair:5   | Reached skill level 10 in Maces & Flails
 28100 | Lair:5   | Reached skill level 10 in Polearms
 28100 | Lair:5   | Reached skill level 10 in Staves
 28100 | Lair:5   | Reached skill level 10 in Ranged Weapons
 28100 | Lair:5   | Reached skill level 10 in Throwing
 28100 | Lair:5   | Reached skill level 10 in Armour
 28100 | Lair:5   | Reached skill level 10 in Shields
 28100 | Lair:5   | Reached skill level 10 in Unarmed Combat
 28100 | Lair:5   | Reached skill level 10 in Evocations
 28327 | Lair:5   | Reached XP level 15. HP: 99/115 MP: 8/30
 29725 | Lair:5   | Identified a scroll of acquirement
 29726 | Lair:5   | Acquired the +2 pair of boots "Iruipeho" {rElec Str+2
                  | Int+3}
 30550 | D:4      | Bought a scroll of fog for 96 gold pieces
 30716 | D:12     | You paid a toll of 8 scrolls of fog to enter a treasure
                  | trove
 30717 | Trove    | Entered a treasure trove
 30720 | Trove    | Found the ring of the Octopus King
 30721 | Trove    | Identified the amulet "Uxta" {Faith rC+ Regen+}
 30723 | Trove    | Identified the ring of Ylinech {rPois Str+3 Int+4}
 30763 | Trove    | Identified a ring of the Octopus King {rN+ HP+2 AC+2 EV+2
                  | SH+2}
 30767 | Trove    | Identified the ring of Lef Wadena {rPois rF++ rC+}
 30778 | Trove    | Identified the amulet "Pekkef" {Faith Int+5 Dex-4}
 30782 | Trove    | Identified the amulet of Ohuhaduc {Spirit *Corrode *Slow
                  | rN++ Dex+2}
 30786 | Trove    | Identified the ring of Xupraext {Fly rF- rC+ Str+2}
 30787 | Trove    | Identified the amulet "Kehotoamay" {Acrobat rC- Dex+5}
 30790 | Trove    | Identified the ring "Juxtefawn" {rElec rF- Int+6 Dex+2}
 31019 | Orc:1    | Entered Level 1 of the Orcish Mines
 31138 | Orc:1    | Found Qamister's Vocational Training.
 31146 | Orc:1    | Bought a manual of Evocations for 1120 gold pieces
 31336 | Orc:1    | Found a runed translucent gate.
 31336 | Orc:1    | Found a runed translucent gate.
 31336 | Orc:1    | Found a runed translucent gate.
 31340 | Orc:1    | Noticed Kojinoc's ghost (adept OpWn)
 31340 | Orc:1    | Noticed Vas Wept's ghost (journeyman OnCj)
 31424 | Orc:1    | Offered knowledge of Freezing Cloud by Vehumet.
 31426 | Orc:1    | Noticed Nergalle
 31438 | Orc:1    | Killed Nergalle
 31661 | Orc:2    | Entered Level 2 of the Orcish Mines
 32031 | Orc:2    | Found a staircase to the Elven Halls.
 32250 | Orc:2    | Found a roughly hewn altar of Beogh.
 32705 | Orc:2    | Noticed an orc warlord
 32742 | Orc:2    | Killed an orc warlord
 32960 | Orc:2    | Learned a level 5 spell: Freezing Cloud
 32983 | Orc:2    | Reached skill level 11 in Evocations
 32984 | Orc:2    | Offered knowledge of Eringya's Noxious Bog by Vehumet.
 33202 | Orc:2    | Found Xykees's General Store.
 33203 | Orc:2    | Found Awuck's Book Emporium.
 33205 | Orc:2    | Found Rasuluej's Antique Armour Emporium.
 33205 | Orc:2    | Found Onykin's Antique Weapon Shoppe.
 33212 | Orc:2    | Bought a book of the Spheres for 768 gold pieces
 33219 | Orc:2    | Learned a level 5 spell: Iskenderun's Battlesphere
 33228 | Orc:2    | Bought a pair of distressingly furry gloves for 247 gold
                  | pieces
 33228 | Orc:2    | Identified the +1 pair of gloves of Tomorrow {Rampage
                  | rElec} (You bought it in a shop on level 2 of the Orcish
                  | Mines)
 33585 | Shoals:1 | Entered Level 1 of the Shoals
 33814 | Spider:1 | Entered Level 1 of the Spider Nest
 34943 | Spider:1 | Reached skill level 10 in Shapeshifting
 35268 | Spider:1 | Reached XP level 16. HP: 87/124 MP: 15/32
 36946 | Spider:1 | Reached skill level 12 in Evocations
 37262 | Spider:2 | Reached ****** piety under Vehumet
 37262 | Spider:2 | Offered knowledge of Permafrost Eruption by Vehumet.
 37824 | Spider:1 | HP: 5/126 [burnt (4)]
 38632 | Spider:2 | Upgraded the game from 0.32-a0-765-gfba4d74c8c to
                  | 0.32-a0-772-g33df2375a9
 39062 | Spider:3 | Reached skill level 10 in Conjurations
 39282 | Spider:3 | Identified the ring of Ru's Delight {rN+ Dex+6}
 39446 | Spider:3 | Lost mutation: You have a pair of small horns on your head.
                  | [potion of mutation]
 39446 | Spider:3 | Lost mutation: You are strong-willed. (Will+) [potion of
                  | mutation]
 39446 | Spider:3 | Gained mutation: You are partially covered in iridescent
                  | scales. (AC +2) [potion of mutation]
 39446 | Spider:3 | Gained mutation: You have an increased reservoir of magic.
                  | (+10% MP) [potion of mutation]
 39447 | Spider:3 | Lost mutation: You have an increased reservoir of magic.
                  | (+10% MP) [potion of mutation]
 39447 | Spider:3 | Lost mutation: You are partially covered in iridescent
                  | scales. (AC +2) [potion of mutation]
 39447 | Spider:3 | Gained mutation: You have a pair of small horns on your
                  | head. [potion of mutation]
 39447 | Spider:3 | Gained mutation: You are clumsy. (Dex -2) [potion of
                  | mutation]
 39448 | Spider:3 | Lost mutation: You are clumsy. (Dex -2) [potion of
                  | mutation]
 39448 | Spider:3 | Lost mutation: You have a pair of small horns on your head.
                  | [potion of mutation]
 39448 | Spider:3 | Gained mutation: You are dopey. (Int -2) [potion of
                  | mutation]
 39449 | Spider:3 | Lost mutation: You are dopey. (Int -2) [potion of mutation]
 39449 | Spider:3 | Gained mutation: You have a pair of small antennae on your
                  | head. [potion of mutation]
 39687 | Spider:3 | Offered knowledge of Yara's Violent Unravelling by Vehumet.
 40431 | Spider:3 | Reached XP level 17. HP: 117/133 MP: 23/33
 40736 | Spider:4 | Entered Level 4 of the Spider Nest
 40747 | Spider:4 | Reached skill level 13 in Evocations
 40887 | Spider:4 | Reached skill level 10 in Hexes
 40887 | Spider:4 | Reached skill level 10 in Summonings
 40887 | Spider:4 | Reached skill level 10 in Necromancy
 40887 | Spider:4 | Reached skill level 10 in Translocations
 40887 | Spider:4 | Reached skill level 10 in Ice Magic
 40887 | Spider:4 | Reached skill level 10 in Earth Magic
 40887 | Spider:4 | Reached skill level 10 in Alchemy
 41511 | Spider:4 | Learned a level 8 spell: Maxwell's Capacitive Coupling
 41678 | Spider:3 | HP: 2/133 [radroach (25)]
 41689 | Spider:3 | Gained mutation: Your mind is acute. (Int +4, Str/Dex -1)
                  | [mutagenic glow]
 41711 | Spider:3 | Gained mutation: You sometimes lose your temper in combat.
                  | [mutagenic glow]
 42490 | Spider:4 | Identified the +5 chain mail of Gurghame {Rampage Will+}
 42877 | Spider:4 | Offered knowledge of Spellforged Servitor by Vehumet.
 43014 | Spider:4 | Got a gossamer rune of Zot
 43187 | Spider:4 | Learned a level 7 spell: Spellforged Servitor
 44078 | Shoals:1 | Found Fuit's Overcharged Wands.
 44238 | Shoals:2 | Reached skill level 14 in Evocations
 44251 | Shoals:2 | Found Qyceqieh's Armour Emporium.
 44265 | Shoals:2 | Noticed Donald
 44271 | Shoals:2 | Killed Donald
 44364 | Shoals:2 | Found Peuvimoo's General Store.
 44465 | Shoals:2 | Found Qesylaj's Jewellery Shop.
 44499 | Shoals:2 | Noticed Louise
 44501 | Shoals:2 | Killed Louise
 44515 | Shoals:2 | Lost mutation: Your mind is acute. (Int +4, Str/Dex -1)
                  | [potion of mutation]
 44515 | Shoals:2 | Lost mutation: You have a pair of small antennae on your
                  | head. [potion of mutation]
 44515 | Shoals:2 | Lost mutation: You sometimes lose your temper in combat.
                  | [potion of mutation]
 44515 | Shoals:2 | Gained mutation: Your muscles are strong. (Str +4, Int/Dex
                  | -1) [potion of mutation]
 44515 | Shoals:2 | Lost mutation: Your muscles are strong. (Str +4, Int/Dex
                  | -1) [potion of mutation]
 44542 | Shoals:2 | Reached XP level 18. HP: 128/141 MP: 18/35
 44599 | Shoals:2 | Found Vegekhlo's Armour Shop.
 44719 | Shoals:2 | Found Zahu's Jewellery Shop.
 45408 | Shoals:3 | Noticed Polyphemus
 45414 | Shoals:3 | Killed Polyphemus
 46067 | Shoals:4 | Entered Level 4 of the Shoals
 46225 | Shoals:4 | Identified the +1 swamp dragon scales of Farfalle {rPois
                  | rC+ Int-5 Dex+4}
 46251 | Shoals:4 | Upgraded the game from 0.32-a0-772-g33df2375a9 to
                  | 0.32-a0-791-gfc315c9ecd
 46359 | Shoals:4 | Noticed Mara
 46392 | Shoals:4 | Killed Mara
 46410 | Shoals:4 | Offered knowledge of Fire Storm by Vehumet.
 46410 | Shoals:4 | Offered knowledge of Chain Lightning by Vehumet.
 46410 | Shoals:4 | Offered knowledge of Ignition by Vehumet.
 46472 | Shoals:4 | Identified the staff "Jiopekh" {rElec MP+9 Air}
 46482 | Shoals:4 | Found a runed translucent door.
 46697 | Shoals:4 | Reached skill level 15 in Evocations
 46756 | Shoals:4 | Got a barnacled rune of Zot
 47165 | Shoals:4 | Identified the ring of Bennefoz {Ice +Blink rN+ Will+}
 49537 | D:14     | Found a transporter.
 49864 | D:14     | Found a gate to the Vaults.
 49964 | D:14     | Found a glowing silver altar of Zin.
 49981 | D:14     | Found a transporter.
 50084 | D:14     | Noticed Jorgrun
 50097 | D:14     | Killed Jorgrun
 50631 | D:14     | Reached XP level 19. HP: 126/149 MP: 9/37
 50788 | D:14     | Identified the ring "Rireff" {*Slow rN+ rCorr Stlth+}
 50793 | D:14     | Got Lipirel's Guidebook on Maleficia
 50808 | D:14     | Identified the ring "Yblaidgh" {^Drain rElec rN+ Str+4
                  | Stlth+}
 50816 | D:14     | Identified the ring of Vunomaem {*Slow rF+ rN+ Int+6 Dex+4}
 50908 | D:15     | Entered Level 15 of the Dungeon
 50908 | D:15     | Found a shadowy altar of Dithmenos.
 50995 | D:15     | Found a gate leading to a gauntlet.
 51055 | D:15     | Noticed Nessos
 51058 | D:15     | Killed Nessos
 51362 | D:15     | Found Mihupso's General Store.
 51374 | D:15     | Bought a +1 helmet of see invisible for 280 gold pieces
 51509 | D:15     | Found Reith's General Store.
 51525 | D:15     | Bought a scroll of amnesia for 56 gold pieces
 51525 | D:15     | Bought a scroll of amnesia for 56 gold pieces
 51591 | D:15     | Identified the +12 short sword "Sonkoum" {holy, Will+
                  | Str+2}
 51644 | D:15     | Found a staircase to the Depths.
 51772 | D:15     | Found a glowing golden altar of the Shining One.
 52081 | Depths:1 | Entered Level 1 of the Depths
 53303 | Depths:1 | Found Fefiob's Weapon Emporium.
 53382 | Depths:1 | Reached skill level 16 in Evocations
 53594 | Depths:1 | Found a gateway to Hell.
 53807 | Depths:2 | Reached skill level 15 in Fire Magic
 53862 | Depths:2 | Noticed a tentacled monstrosity
 53909 | Depths:2 | Killed a tentacled monstrosity
 54268 | Depths:2 | Noticed a tentacled monstrosity
 54287 | Depths:2 | Identified the staff of Rudeo {Str+5 Earth}
 54307 | Depths:1 | Upgraded the game from 0.32-a0-791-gfc315c9ecd to
                  | 0.32-a0-798-gfa783ce77f
 54335 | Depths:2 | Killed a tentacled monstrosity
 55002 | Depths:2 | Reached skill level 15 in Invocations
 55242 | Depths:2 | Found a corrupted altar of Lugonu.
 55243 | Depths:2 | Found a one-way gate to the infinite horrors of the Abyss.
 55569 | Depths:2 | Reached XP level 20. HP: 158/158 MP: 2/38
 56505 | Depths:2 | Found a one-way gate leading to the halls of Pandemonium.
 56650 | Hell     | Entered the Vestibule of Hell
 56650 | Hell     | Noticed Geryon
 57411 | Depths:1 | Demolished by an iron golem

Illustrated notes

Levels and vault maps discovered:
D:1:      wander_arrival_abandoned_jail, layout_basic
D:2:      layout_loops_ring, serial_shops, shop
D:3:      layout_loops_ring, chequers_ecumenical_altar_grove
D:4:      layout_loops_ring, serial_shops, nicolae_shop_overgrown_old_shop,
          nicolae_shop_tiny_glass, kennysheep_boxes, uniq_grinder,
          uniq_blork_the_orc, uniq_eustachio
D:5:      layout_loops_ring, mainiacjoe_overflow_24_doors
D:6:      layout_basic, st_stairs_14
D:7:      layout_loops_ring, minmay_temple_entry_arrows
D:8:      layout_cave_pools, patterned_corridor, uniq_maurice, uniq_grum
D:9:      layout_loops_ring, nicolae_gozag_cash_rules_everything_around_me,
          david_lair_generic, uniq_maggie
D:10:     minmay_the_grid_3x2 [minmay_the_grid_armoury, minmay_the_grid_box_x,
          minmay_the_grid_holed_spiral, minmay_the_grid_empty,
          minmay_the_grid_square_x, minmay_the_grid_prize_diamond_cup],
          layout_stronghold, overflow_temple_1_default,
          kennysheep_orc_monster_closet_entryway,
          minmay_fractal_squares_diagonal_5
D:11:     layout_big_octagon, uniq_urug
D:12:     layout_loops_ring, enter_trove_6
D:13:     layout_basic, serial_ice, serial_ice_e, serial_ice_c, serial_ice_k,
          serial_ice_d, serial_ice_n, serial_ice_b
D:14:     gammafunk_its_a_trap, layout_stronghold, minmay_hedge_maze,
          zin_academy, uniq_jorgrun
D:15:     grunt_enter_depths_hoard, layout_loops_ring, gauntlet_entry_generic,
          serial_shops, shop, shop, grunt_dithmenos_smoke,
          nicolae_tso_carved_into_rock, uniq_nessos
Temple:   compressed_dpeg_triangle_lava_temple
Lair:1:   layout_gridlike
Lair:2:   layout_cave_pods, elwin_shoals_entry_rooms,
          kennysheep_abandoned_house, lemuel_fruit_fields, serial_bayou_shore_b
Lair:3:   layout_cave_pods, spider_nest_entry_web_field, beast_lair_carwin_1,
          grunt_megastairs_4
Lair:4:   minmay_lair_oklob_tunnel, layout_cave_shapes,
          nicolae_slime_entry_slimehenge, grunt_forest_stairs_basic,
          serial_bayou_shore_b, lemuel_fruit_tree
Lair:5:   hangedman_lair_caniforms_friends, layout_hall_layers,
          guppyfry_lair_end_dragon
Shoals:1: layout_shoals, nicolae_shop_overcharged_wands
Shoals:2: layout_shoals, serial_shops, shop, nicolae_shop_real_fake_doors,
          nicolae_shop_hallway_plus, shop, shop_fountains, uniq_donald,
          uniq_louise
Shoals:3: layout_shoals, nicolae_shoals_bring_sunscreen, uniq_polyphemus
Shoals:4: shoals_end_grunt_garden, layout_shoals, lightli_airlock, uniq_mara
Spider:1: layout_spider_delve
Spider:2: layout_spider_delve
Spider:3: layout_spider_delve, hangedman_stitches_earthworm
Spider:4: spider_rune_water
Orc:1:    layout_caves, gammafunk_ghost_cemetery, nicolae_shop_vocational,
          uniq_nergalle
Orc:2:    st_orc_congregation, layout_diamond_mine, basic_altar
Depths:1: layout_gridlike, hell_entry, serial_shops,
          nicolae_shop_bloodbath_and_beyond, chequers_serial_rivers_small_3,
          kennysheep_generic_room_4, grunt_megastairs_3
Depths:2: minmay_cut_squares, layout_gridlike, grunt_hell_entry_dis_old,
          abyss_entry_flame_altar, kennysheep_nub, grunt_pan_entry_in_and_out,
          minmay_staircase_bubble
Hell

Skill      XL: |  1  2  3  4  5  6  7  8  9 10 11 12 13 14 15 16 17 18 19 20 |
---------------+-------------------------------------------------------------+-----
Conjurations   | 2 3 4 5 6 7 8 9 10 11 12 | 12.1
Spellcasting   | 5 6 7 8 9 10 11 12 13 14 | 14.8
Invocations    | 1 2 3 4 5 6 7 8 9 10 11 12 13 14 15 | 15.1
Fighting       | 1 2 3 5 6 7 8 9 10 11 12 13 14 | 14.0
Short Blades   | 1 2 3 5 6 7 8 9 10 11 12 13 14 | 14.0
Long Blades    | 1 2 3 5 6 7 8 9 10 11 12 13 14 | 14.0
Axes           | 1 2 3 5 6 7 8 9 10 11 12 13 14 | 14.0
Maces & Flails | 1 2 3 5 6 7 8 9 10 11 12 13 14 | 14.0
Polearms       | 1 2 3 5 6 7 8 9 10 11 12 13 14 | 14.0
Staves         | 1 2 3 5 6 7 8 9 10 11 12 13 14 | 14.0
Ranged Weapons | 1 2 3 5 6 7 8 9 10 11 12 13 14 | 14.0
Throwing       | 1 2 3 5 6 7 8 9 10 11 12 13 14 | 14.0
Armour         | 1 2 3 5 6 7 8 9 10 11 12 13 14 | 14.0
Shields        | 1 2 3 5 6 7 8 9 10 11 12 13 14 | 14.0
Unarmed Combat | 1 2 3 5 6 7 8 9 10 11 12 13 14 | 14.0
Evocations     | 1 2 3 5 6 7 8 9 10 11 12 14 15 16 | 16.7
Shapeshifting  | 1 2 3 4 5 6 7 8 9 10 11 12 | 12.9
Hexes          | 1 2 3 4 5 6 7 8 9 10 11 | 11.9
Summonings     | 1 2 3 4 5 6 7 8 9 10 11 | 11.9
Necromancy     | 1 2 3 4 5 6 7 8 9 10 11 | 11.9
Translocations | 1 2 3 4 5 6 7 8 9 10 11 | 11.9
Fire Magic     | 1 2 3 4 5 6 7 9 10 11 12 13 14 15 | 15.5
Ice Magic      | 1 2 3 4 5 6 7 8 9 10 11 | 11.9
Earth Magic    | 1 2 3 4 5 6 7 8 9 10 11 | 11.9
Alchemy        | 1 2 3 4 5 6 7 8 9 10 11 | 11.9
Dodging        | 5 6 7 8 9 10 11 12 13 14 | 14.6
Stealth        | 5 6 7 8 9 10 11 12 13 14 | 14.5
Air Magic      | 6 7 8 9 10 11 12 13 | 13.0

Action                     |  1- 3 |  4- 6 |  7- 9 | 10-12 | 13-15 | 16-18 | 19-21 || total
---------------------------+-------+-------+-------+-------+-------+-------+-------++-------
  Melee: Dagger            |     1 |     8 |    13 |       |       |       |       ||    22
         Bite              |       |     1 |     7 |    11 |    27 |    20 |    16 ||    82
         Halberd           |       |       |    34 |    27 |       |       |       ||    61
         Whip              |       |       |       |    27 |   110 |    76 |     3 ||   216
         Headbutt          |       |       |       |       |    41 |    12 |       ||    53
         Demon trident     |       |       |       |       |       |     4 |    40 ||    44
         Unarmed           |       |       |       |       |       |       |     9 ||     9
         Tailslap          |       |       |       |       |       |       |     3 ||     3
         Punch             |       |       |       |       |       |       |     1 ||     1
   Fire: Arbalest          |       |       |    10 |       |       |       |       ||    10
         Orcbow            |       |       |     7 |       |       |       |       ||     7
   Cast: Shock             |    80 |    97 |   187 |   126 |    33 |   192 |    25 ||   740
         Swiftness         |       |     1 |     3 |     2 |     4 |     1 |       ||    11
         Airstrike         |       |    10 |    57 |   289 |   508 |   109 |    60 ||  1033
         Gell's Gravitas   |       |       |       |    21 |    16 |       |       ||    37
         Call Imp          |       |       |       |    21 |    16 |     9 |     1 ||    47
         Fireball          |       |       |       |    12 |   263 |   145 |    56 ||   476
         Iskenderun's Myst |       |       |       |       |    72 |   177 |    53 ||   302
         Freezing Cloud    |       |       |       |       |    29 |   111 |    54 ||   194
         Iskenderun's Batt |       |       |       |       |    10 |   159 |    45 ||   214
         Apportation       |       |       |       |       |       |     2 |       ||     2
         Spellforged Servi |       |       |       |       |       |    92 |    54 ||   146
         Maxwell's Capacit |       |       |       |       |       |     4 |    12 ||    16
Ability: Breathe Fire      |       |       |       |       |       |     3 |     1 ||     4
  Evoke: Wand              |       |       |     3 |    10 |    23 |    12 |       ||    48
         Tin of tremorston |       |       |       |       |     3 |     1 |       ||     4
         Phial of floods   |       |       |       |       |     1 |       |       ||     1
         Lightning rod     |       |       |       |       |       |     2 |       ||     2
    Use: Potion            |       |       |     3 |       |    13 |    14 |     1 ||    31
         Scroll            |       |       |       |    20 |    20 |    15 |     3 ||    58
   Stab: Distracted        |       |       |       |     1 |       |       |       ||     1
 Armour: Robe              |     5 |    28 |     8 |       |       |       |       ||    41
         Ring mail         |       |       |   136 |    62 |       |       |       ||   198
         Steam dragon scal |       |       |       |   112 |   267 |   265 |   118 ||   762
         Skin              |       |       |       |       |       |       |    29 ||    29
  Dodge: Dodged            |    10 |    22 |   113 |   176 |   299 |   220 |   100 ||   940
  Block: Buckler           |       |       |       |       |       |     3 |    40 ||    43
         Form:             |       |       |       |       |       |     2 |     1 ||     3
         Dragon            |       |       |       |       |       |     2 |     1 ||     3

Table legend: (Time is in decaauts)
 A = Elapsed time spent in this place.
 B = Non-inter-level travel time spent in this place.
 C = Inter-level travel time spent in this place.
 D = Time resting spent in this place.
 E = Time spent auto-exploring this place.
 F = Levels seen in this place.
 G = Mean time per level.
                   A        B        C        D        E       F      G
               +--------+--------+--------+--------+--------+-----+--------+
         Total |  58090 |  48606 |   9484 |  12631 |  23597 |  35 | 1659.7 |
       Dungeon |  25917 |  21390 |   4527 |   4522 |  12292 |  15 | 1727.8 |
        Temple |    242 |    157 |     85 |      0 |    102 |   1 |  242.0 |
          Lair |  10329 |   8857 |   1472 |   2044 |   5138 |   5 | 2065.8 |
        Shoals |   6001 |   5148 |    853 |    794 |   2289 |   4 | 1500.2 |
   Spider Nest |   8426 |   7159 |   1267 |   3021 |   2219 |   4 | 2106.5 |
  Orcish Mines |   2444 |   2261 |    183 |    456 |   1277 |   2 | 1222.0 |
        Depths |   4573 |   3479 |   1094 |   1776 |    279 |   2 | 2286.5 |
          Hell |     31 |     31 |      0 |      0 |      0 |   1 |   31.0 |
         Trove |    123 |    123 |      0 |     18 |      0 |   1 |  123.0 |
               +--------+--------+--------+--------+--------+-----+--------+

Top non-repeatable levels by time:
    D:10: 3527 daAuts
Spider:1: 3303 daAuts
  Lair:5: 3163 daAuts
Spider:3: 2592 daAuts
  Lair:3: 2439 daAuts
  Lair:2: 2402 daAuts
     D:8: 2398 daAuts
Depths:2: 2319 daAuts
Depths:1: 2253 daAuts
     D:7: 2113 daAuts
Shoals:4: 2020 daAuts
    D:12: 1987 daAuts
    D:15: 1901 daAuts
     D:9: 1885 daAuts
   Orc:2: 1788 daAuts
